 Dungeon Crawl Stone Soup version 0.27.1 (webtiles) character file.

Game seed: 13471821505669862295

59 funkygono the Firebug (level 4, -4/24 HPs)
             Began as a Gargoyle Fire Elementalist on Aug 29, 2021.
             Slain by a water moccasin zombie (5 damage)
             ... on level 3 of the Dungeon.
             The game lasted 00:03:43 (2432 turns).

funkygono the Firebug (Gargoyle Fire Elementalist)  Turns: 2432, Time: 00:03:46

Health: -4/24      AC:  5    Str: 12    XL:     4   Next: 3%
Magic:  0/8        EV: 12    Int: 16    God:
Gold:   666        SH:  0    Dex: 10    Spells: 0/8 levels left

rFire    + . .     SeeInvis .   d - +1 club
rCold    + . .     Faith    .   (no shield)
rNeg     + . .     Spirit   .   a - +0 robe
rPois    ∞         Reflect  .   (no helmet)
rElec    +         Harm     .   (no cloak)
rCorr    +         Rampage  .   (no gloves)
Will     .....                  (no boots)
Stlth    ++........             (no amulet)
HPRegen  0.08/turn              (no ring)
MPRegen  0.11/turn              (no ring)

@: resistant
A: sickness immunity, AC +3, negative energy resistance 1, electricity
resistance, torment resistance 1, petrification resistance
a: no special abilities


You were on level 3 of the Dungeon.
You visited 1 branch of the dungeon, and saw 3 of its levels.

You collected 666 gold pieces.

Inventory:

Hand Weapons
 d - a +1 club (weapon)
Missiles
 b - 49 stones
Armour
 a - a +0 robe (worn)
Potions
 c - a potion of resistance
 f - a potion of invisibility {unknown}
 h - a potion of degeneration {unknown}


   Skills:
 + Level 1.6 Dodging
 - Level 2.1 Stealth
 * Level 2.7 Spellcasting
 * Level 1.7 Conjurations
 * Level 4.0 Fire Magic


You couldn't memorise any spells.
You knew the following spells:

 Your Spells              Type           Power      Damage    Failure   Level
a - Foxfire               Conj/Fire      44%        2x1d6     6%          1
b - Conjure Flame         Conj/Fire      11%        6-21      19%         3
c - Sticky Flame          Conj/Fire      11%        2d3       52%         4

Your spell library contained the following spells:

 Spells                   Type           Power      Damage    Failure   Level
 Inner Flame              Hex/Fire       8%         N/A       26%         3
 Fireball                 Conj/Fire      5%         3d5       86%         5


Dungeon Overview and Level Annotations

Branches:
Dungeon (3/15)

Altars:


Innate Abilities, Weirdness & Mutations

You are immune to sickness and miasma.
Your stone body is resilient. (AC +3)
You are immune to poison.
You resist negative energy. (rN+)
You are resistant to electric shocks. (rElec)
You are resistant to unholy torment.
You are immune to petrification.


Message History

The water moccasin zombie bites you.
Casting: Foxfire (safe; 6% risk of failure)
Confirm with . or Enter, or press ? or * to list all spells.
You conjure some foxfire!
The foxfire hits the orc priest but does no damage.
The orc priest is moderately wounded.
The water moccasin zombie misses you.
Unknown command.
Casting: Foxfire (safe; 6% risk of failure)
Confirm with . or Enter, or press ? or * to list all spells.
You conjure some foxfire!
The foxfire hits the water moccasin zombie.
The water moccasin zombie is severely damaged.
The foxfire hits the water moccasin zombie.
The water moccasin zombie is severely damaged.
The water moccasin zombie completely misses you.
The orc priest hits you with a +2 mace of protection.
* * * LOW HITPOINT WARNING * * *
Casting: Foxfire (safe; 6% risk of failure)
Confirm with . or Enter, or press ? or * to list all spells.
You conjure some foxfire!
The foxfire hits the orc priest.
The orc priest is moderately wounded.
The foxfire hits the orc priest but does no damage.
The orc priest is moderately wounded.
The water moccasin zombie bites you.
* * * LOW HITPOINT WARNING * * *
The orc priest hits you with a +2 mace of protection.
* * * LOW HITPOINT WARNING * * *
Casting: Foxfire (safe; 6% risk of failure)
Confirm with . or Enter, or press ? or * to list all spells.
You don't have enough magic to cast this spell.
Unknown command.
It was a potion of resistance.
You feel protected.
The foxfire hits the water moccasin zombie.
The water moccasin zombie is almost destroyed.
The foxfire hits the orc priest but does no damage.
The orc priest is moderately wounded.
The water moccasin zombie bites you.
You die...

##### #...#
#...#
######...#
##......§§#
#..####.@.#
#.## #oZ.#
#.#####...#
#<##..†...#
#.##o######
#.##.#
..##.#
.##Z.#
..##o##


You could see an orc priest and a water moccasin zombie.

Vanquished Creatures
  2 adders
  A worm (D:2)
  2 dart slugs
  5 ball pythons
  3 bats
  4 endoplasms
  2 giant cockroaches
  2 goblins (D:1)
  2 hobgoblins (D:2)
  4 kobolds
  4 frilled lizards
  A rat (D:2)
32 creatures vanquished.

Vanquished Creatures (others)
  100 foxfires
100 creatures vanquished.

Grand Total: 132 creatures vanquished

Notes
Turn   | Place    | Note
-------+----------+-------------------------------------------
     0 | D:1      | funkygono the Gargoyle Fire Elementalist began the quest
                  | for the Orb.
     0 | D:1      | Reached XP level 1. HP: 10/10 MP: 3/3
   292 | D:1      | Reached XP level 2. HP: 15/15 MP: 0/5
  1013 | D:1      | Reached XP level 3. HP: 9/19 MP: 2/6
  1019 | D:1      | Learned a level 3 spell: Conjure Flame
  1615 | D:2      | Reached skill level 4 in Fire Magic
  1986 | D:2      | Reached XP level 4. HP: 24/24 MP: 6/8
  1991 | D:2      | Learned a level 4 spell: Sticky Flame
  2337 | D:2      | Identified a scroll of acquirement
  2337 | D:2      | Acquired 578 gold pieces
  2431 | D:3      | HP: 1/24 [orc priest (1)]
  2432 | D:3      | Slain by a water moccasin zombie

Illustrated notes

Levels and vault maps discovered:
D:1:      co_arrival_random_square_maze, layout_loops_cross
D:2:      layout_basic
D:3:      layout_rooms, tso_altar, mainiacjoe_overflow_tiny_flanked

Skill      XL: |  1  2  3 |
---------------+----------+-----
Fire Magic     | 4 |  4.0
Dodging        | |  1.6
Stealth        | |  2.1
Spellcasting   | |  2.7
Conjurations   | |  1.7

Action                   |  1- 3 |  4- 6 || total
-------------------------+-------+-------++-------
Melee: Club              |     6 |     1 ||     7
 Cast: Foxfire           |    51 |    10 ||    61
  Use: Scroll            |     1 |     3 ||     4
       Potion            |       |     1 ||     1
Armor: Robe              |     5 |       ||     5
Dodge: Dodged            |    11 |    10 ||    21
